[Event "80th GEO-ch 2021"]
[Site "Tbilisi"]
[Date "2021.04.21"]
[Round "2.5"]
[White "Pantsulaia, Levan"]
[Black "Lortkipanidze, Nodar"]
[Result "1-0"]
[ECO "E62"]
[WhiteElo "2553"]
[BlackElo "2416"]
[Annotator "RC"]
[PlyCount "55"]
[EventDate "2021.04.20"]
[EventType "tourn"]
[EventCountry "GEO"]
[SourceTitle "playchess.com"]
[Source "ChessBase"]
[SourceQuality "1"]
[TimeControl "5400+30"]

1. g3 g6 2. Bg2 Bg7 3. c4 d6 4. Nc3 Nc6 5. Nf3 Nf6 6. d4 O-O 7. O-O e5 8. dxe5 Nxe5 9. Nxe5 dxe5 10. Qa4 c6 11. Be3 Qc7 12. Rfd1 Be6 13. h3 Nd7 14. b3 f5 15. Rac1 f4 16. Bd2 Qb6 17. gxf4 exf4 18. Qa3 f3 19. exf3 Rae8 20. Ne4 Qc7 21. Qd6 Qc8 22. Qg3 Be5 23. Qh4 Rf5 24. f4 Rh5 25. Qg3 Bc7 26. Bc3 Rf8 27. Nd6 Qb8 28. Qe3 1-0

[Event "80th GEO-ch 2021"]
[Site "Tbilisi"]
[Date "2021.04.22"]
[Round "3.1"]
[White "Lortkipanidze, Nodar"]
[Black "Azaladze, Shota"]
[Result "1-0"]
[ECO "B10"]
[WhiteElo "2416"]
[BlackElo "2439"]
[Annotator "RC"]
[PlyCount "83"]
[EventDate "2021.04.20"]
[EventType "tourn"]
[EventCountry "GEO"]
[SourceTitle "playchess.com"]
[Source "ChessBase"]
[SourceQuality "1"]
[TimeControl "5400+30"]

1. e4 c6 2. c4 d5 3. exd5 cxd5 4. cxd5 Nf6 5. Nc3 g6 6. Qb3 Bg7 7. g3 O-O 8. Bg2 Na6 9. d4 Qa5 10. Nge2 Rd8 11. O-O Qb4 12. Bf4 Ne8 13. Be5 Nd6 14. Nf4 Qxb3 15. axb3 Nc7 16. Rfe1 Bh6 17. Nd3 a6 18. Nc5 Kf8 19. N3a4 Rb8 20. Nb6 Bf5 21. h3 f6 22. g4 fxe5 23. gxf5 exd4 24. Nbd7+ Kf7 25. Nxb8 Rxb8 26. Nd7 Rg8 27. fxg6+ hxg6 28. Ne5+ Kf8 29. Rad1 Ncb5 30. Nd7+ Kf7 31. Re6 Bf4 32. Rde1 Re8 33. Be4 Nxe4 34. R1xe4 g5 35. Ne5+ Bxe5 36. R4xe5 d3 37. Rf5+ Kg7 38. Rxg5+ Kf7 39. Rf5+ Kg7 40. Rg5+ Kf7 41. Re3 Kf6 42. h4 1-0

[Event "80th GEO-ch 2021"]
[Site "Tbilisi"]
[Date "2021.04.23"]
[Round "4.2"]
[White "Gagunashvili, Merab"]
[Black "Arabidze, Meri"]
[Result "1/2-1/2"]
[ECO "C54"]
[WhiteElo "2584"]
[BlackElo "2437"]
[Annotator "ChessBase"]
[PlyCount "243"]
[EventDate "2021.04.20"]
[EventType "tourn"]
[EventCountry "GEO"]
[SourceTitle "playchess.com"]
[Source "ChessBase"]
[SourceQuality "1"]
[TimeControl "5400+30"]

1. e4 e5 2. Nf3 Nc6 3. Bc4 Bc5 4. O-O Nf6 5. d3 d6 6. c3 h6 7. b4 Bb6 8. a4 a6 9. Nbd2 O-O 10. Bb3 Be6 11. a5 Ba7 12. Nc4 Ne7 13. Re1 Ng6 14. Be3 Bxe3 15. Nxe3 Qd7 16. Ba4 Qc8 17. Qc2 Ng4 18. d4 Nxe3 19. Rxe3 Bg4 20. Nd2 Nf4 21. f3 Be6 22. Nf1 Qd8 23. Ree1 h5 24. Rad1 Qg5 25. Ne3 Rad8 26. Bb3 Bxb3 27. Qxb3 d5 28. Qc2 dxe4 29. fxe4 h4 30. Kh1 exd4 31. cxd4 c6 32. Qc5 f5 33. Qc4+ Kh8 34. e5 Rde8 35. Qf1 Ne6 36. Nc4 h3 37. gxh3 Qh5 38. Nd6 Re7 39. Qe2 Qxh3 40. Rf1 g6 41. Qg2 Qxg2+ 42. Kxg2 Kg7 43. Kg3 Rh8 44. h4 Nd8 45. Nc4 Ne6 46. Nb6 Rd8 47. d5 cxd5 48. Rxd5 Rxd5 49. Nxd5 Rd7 50. Nf6 Rd4 51. Rb1 Rd3+ 52. Kf2 Kf7 53. b5 Nc5 54. Rc1 Ne6 55. bxa6 bxa6 56. Rc6 Rf3+ 57. Kg2 Re3 58. Rxa6 Rxe5 59. Nd7 Rd5 60. Ra7 Rd2+ 61. Kf3 Rc2 62. a6 Rc3+ 63. Kf2 Nc7 64. Rb7 Nxa6 65. Nc5+ Kf6 66. Rb6+ Kf7 67. Nxa6 Rc2+ 68. Ke3 Rc3+ 69. Kd4 Rh3 70. Nc5 Rxh4+ 71. Ke5 Ke7 72. Rb7+ Kd8 73. Ne6+ Kc8 74. Rg7 Rh1 75. Kd6 Rd1+ 76. Kc6 Rc1+ 77. Nc5 Kd8 78. Kd6 Rd1+ 79. Ke6 Re1+ 80. Kf6 f4 81. Ne6+ Kc8 82. Nxf4 g5 83. Rxg5 Kd7 84. Rd5+ Kc6 85. Rd2 Rf1 86. Ke5 Re1+ 87. Ne2 Rh1 88. Nd4+ Kc5 89. Rc2+ Kb4 90. Nf3 Kb5 91. Kd5 Rd1+ 92. Nd4+ Kb6 93. Rc4 Kb7 94. Kd6 Rb1 95. Rc3 Kb6 96. Rd3 Kb7 97. Nc6 Kb6 98. Ne5 Kb7 99. Nd7 Rh1 100. Rb3+ Ka7 101. Ne5 Rh6+ 102. Kc5 Rh5 103. Kd5 Ka6 104. Kd6 Rh6+ 105. Kc5 Rh5 106. Kd5 Ka7 107. Kd6 Rh6+ 108. Kc7 Rh7+ 109. Nd7 Ka6 110. Kc6 Rh6+ 111. Kd5 Rh5+ 112. Ne5 Ka7 113. Rb4 Ka6 114. Kd6 Rh6+ 115. Kc5 Rh5 116. Rb6+ Ka5 117. Re6 Ka4 118. Kc4 Rh4+ 119. Kc3 Kb5 120. Nf3 Rh3 121. Re3 Rh1 122. Nd4+ 1/2-1/2

[Event "80th GEO-ch 2021"]
[Site "Tbilisi"]
[Date "2021.04.24"]
[Round "5.2"]
[White "Arabidze, Meri"]
[Black "Paichadze, Luka"]
[Result "1/2-1/2"]
[ECO "A94"]
[WhiteElo "2437"]
[BlackElo "2565"]
[Annotator "ChessBase"]
[PlyCount "106"]
[EventDate "2021.04.20"]
[EventType "tourn"]
[EventCountry "GEO"]
[SourceTitle "playchess.com"]
[Source "ChessBase"]
[SourceQuality "1"]
[TimeControl "5400+30"]

1. d4 e6 2. c4 f5 3. g3 Nf6 4. Bg2 c6 5. Nf3 d5 6. O-O Bd6 7. b3 O-O 8. Ba3 Bxa3 9. Nxa3 Bd7 10. Nc2 Be8 11. Nce1 Bh5 12. Nd3 Nbd7 13. Qc1 Qe7 14. Qb2 Ne4 15. Nfe5 Nxe5 16. Nxe5 f4 17. f3 Ng5 18. g4 Be8 19. e3 fxe3 20. Qe2 c5 21. Qxe3 cxd4 22. Qxd4 dxc4 23. f4 Nf7 24. Nxc4 Bc6 25. Bxc6 bxc6 26. Qe3 Rad8 27. Rae1 Rfe8 28. Re2 Rd5 29. Rfe1 Qd7 30. Qg3 Rd3 31. Re3 Rxe3 32. Rxe3 Rf8 33. Rd3 Qe7 34. Qe3 Qf6 35. Kg2 g5 36. Ne5 gxf4 37. Nd7 Qg6 38. Qf3 Rd8 39. h4 Kg7 40. Kf2 e5 41. h5 Qg5 42. Qxc6 Nh6 43. Qe6 Nxg4+ 44. Ke2 Nh6 45. Nxe5 Qxh5+ 46. Kd2 Qh2+ 47. Kc3 Rxd3+ 48. Kxd3 Qg3+ 49. Ke4 Qe3+ 50. Kd5 Qd2+ 51. Ke4 Qe3+ 52. Kd5 Qd2+ 53. Ke4 Qd8 1/2-1/2

[Event "80th GEO-ch 2021"]
[Site "Tbilisi"]
[Date "2021.04.24"]
[Round "5.3"]
[White "Petriashvili, Nikoloz"]
[Black "Pantsulaia, Levan"]
[Result "0-1"]
[ECO "E70"]
[WhiteElo "2425"]
[BlackElo "2553"]
[Annotator "ChessBase"]
[PlyCount "82"]
[EventDate "2021.04.20"]
[EventType "tourn"]
[EventCountry "GEO"]
[SourceTitle "playchess.com"]
[Source "ChessBase"]
[SourceQuality "1"]
[TimeControl "5400+30"]

1. d4 Nf6 2. c4 g6 3. Nc3 Bg7 4. e4 O-O 5. Nge2 d6 6. Ng3 e5 7. d5 a5 8. h4 h5 9. Bg5 Qe8 10. Be2 Nh7 11. Bd2 Na6 12. Qc2 Nb4 13. Qb3 b6 14. O-O-O Bd7 15. Be3 Qe7 16. Nf1 f5 17. f3 Rf7 18. Nd2 Qf8 19. Rdg1 Bh6 20. Nd1 Nf6 21. Rf1 Qg7 22. exf5 gxf5 23. f4 Re8 24. Bf3 exf4 25. Bd4 Qg6 26. a3 Na6 27. Nf2 Nc5 28. Qc2 Ng4 29. Re1 Re3 30. Bxg4 hxg4 31. b4 axb4 32. axb4 Rfe7 33. Bxe3 fxe3 34. Kb1 Na4 35. b5 Nc5 36. Nb3 Nxb3 37. Qxb3 f4+ 38. Nd3 Bf5 39. Kc2 e2 40. Ra1 Re3 41. Ra8+ Kh7 0-1

[Event "80th GEO-ch 2021"]
[Site "Tbilisi"]
[Date "2021.04.24"]
[Round "5.4"]
[White "Quparadze, Giga"]
[Black "Lortkipanidze, Nodar"]
[Result "*"]
[ECO "B15"]
[WhiteElo "2463"]
[BlackElo "2416"]
[Annotator "ChessBase"]
[PlyCount "97"]
[EventDate "2021.04.20"]
[EventType "tourn"]
[EventCountry "GEO"]
[SourceTitle "playchess.com"]
[Source "ChessBase"]
[SourceQuality "1"]
[TimeControl "5400+30"]

1. e4 c6 2. d4 d5 3. Nc3 dxe4 4. Nxe4 Nf6 5. Nxf6+ exf6 6. c3 Bd6 7. Bd3 Na6 8. Qc2 Nc7 9. Ne2 h5 10. O-O Nd5 11. a3 Kf8 12. c4 Ne7 13. Bd2 g6 14. Bc3 Kg7 15. Ng3 Qc7 16. f4 h4 17. Ne4 Nf5 18. d5 Bxf4 19. Bxf6+ Kg8 20. d6 Bxd6 21. Nxd6 Qxd6 22. Bxh8 Kxh8 23. Qc3+ Kg8 24. c5 Qd5 25. Rae1 Be6 26. Bxf5 Bxf5 27. Rd1 Qe4 28. Rd4 Qe7 29. Re1 Be6 30. h3 Qg5 31. Ree4 Bd5 32. Qe3 Qxe3+ 33. Rxe3 b6 34. cxb6 axb6 35. Rxh4 b5 36. Rd4 Kg7 37. h4 Kf6 38. Kf2 Rh8 39. b3 g5 40. hxg5+ Kxg5 41. a4 bxa4 42. bxa4 Ra8 43. g3 Kf6 44. Rf4+ Kg5 45. Ra3 Ra5 46. Ke3 f5 47. Kd4 Bf7 48. Ra1 c5+ 49. Kc3 *

[Event "80th GEO-ch 2021"]
[Site "Tbilisi"]
[Date "2021.04.24"]
[Round "5.4"]
[White "Kacharava, Nikolozi"]
[Black "Gagunashvili, Merab"]
[Result "1/2-1/2"]
[ECO "C45"]
[WhiteElo "2443"]
[BlackElo "2584"]
[Annotator "ChessBase"]
[PlyCount "122"]
[EventDate "2021.04.20"]
[EventType "tourn"]
[EventCountry "GEO"]
[SourceTitle "playchess.com"]
[Source "ChessBase"]
[SourceQuality "1"]
[TimeControl "5400+30"]

1. e4 e5 2. Nf3 Nc6 3. d4 exd4 4. Nxd4 Bb4+ 5. c3 Bc5 6. Be3 Bb6 7. Nf5 Bxe3 8. Nxe3 Nge7 9. c4 d6 10. Nc3 O-O 11. Bd3 f5 12. exf5 Nxf5 13. Bxf5 Bxf5 14. Qd5+ Kh8 15. Nxf5 Nb4 16. Qd2 Rxf5 17. O-O Qd7 18. Rae1 Nc6 19. f4 Rff8 20. Nd5 Rae8 21. Rxe8 Rxe8 22. Re1 Rxe1+ 23. Qxe1 h6 24. Qe4 Kg8 25. b4 Kf7 26. Kf2 Nd8 27. f5 c6 28. Nf4 Qe7 29. Qxe7+ Kxe7 30. Ke3 Nf7 31. Nh5 Ne5 32. Kd4 g5 33. c5 Nd7 34. cxd6+ Kxd6 35. Ng3 b6 36. Ne4+ Ke7 37. g4 Nb8 38. a4 Nd7 39. a5 Nb8 40. Nc3 Kd6 41. Ne4+ Ke7 42. Nd2 Na6 43. Kc4 Kd6 44. axb6 axb6 45. b5 Nc5 46. bxc6 Kxc6 47. Kd4 Nd7 48. Ne4 b5 49. h3 b4 50. Kc4 b3 51. Kxb3 Kd5 52. Ng3 Nf6 53. Kc3 Ke5 54. Kd3 h5 55. gxh5 Kf4 56. Ne2+ Kxf5 57. Nd4+ Kf4 58. h6 Kg3 59. Ne6 Kxh3 60. Nxg5+ Kg4 61. Ne4 Nh7 1/2-1/2

[Event "80th GEO-ch 2021"]
[Site "Tbilisi"]
[Date "2021.04.24"]
[Round "5.5"]
[White "Quparadze, Giga"]
[Black "Lortkipanidze, Nodar"]
[Result "1-0"]
[ECO "B15"]
[WhiteElo "2463"]
[BlackElo "2416"]
[Annotator "ChessBase"]
[PlyCount "123"]
[EventDate "2021.04.20"]
[EventType "tourn"]
[EventCountry "GEO"]
[SourceTitle "playchess.com"]
[Source "ChessBase"]
[SourceQuality "1"]
[TimeControl "5400+30"]

1. e4 c6 2. d4 d5 3. Nc3 dxe4 4. Nxe4 Nf6 5. Nxf6+ exf6 6. c3 Bd6 7. Bd3 Na6 8. Qc2 Nc7 9. Ne2 h5 10. O-O Nd5 11. a3 Kf8 12. c4 Ne7 13. Bd2 g6 14. Bc3 Kg7 15. Ng3 Qc7 16. f4 h4 17. Ne4 Nf5 18. d5 Bxf4 19. Bxf6+ Kg8 20. d6 Bxd6 21. Nxd6 Qxd6 22. Bxh8 Kxh8 23. Qc3+ Kg8 24. c5 Qd5 25. Rae1 Be6 26. Bxf5 Bxf5 27. Rd1 Qe4 28. Rd4 Qe7 29. Re1 Be6 30. h3 Qg5 31. Ree4 Bd5 32. Qe3 Qxe3+ 33. Rxe3 b6 34. cxb6 axb6 35. Rxh4 b5 36. Rd4 Kg7 37. h4 Kf6 38. Kf2 Rh8 39. b3 g5 40. hxg5+ Kxg5 41. a4 bxa4 42. bxa4 Ra8 43. g3 Kf6 44. Rf4+ Kg5 45. Ra3 Ra5 46. Ke3 f5 47. Kd4 Bf7 48. Ra1 c5+ 49. Kc3 Be8 50. Re1 Bc6 51. Re5 Bd7 52. Rd5 Be6 53. Rd6 Kf6 54. Rb6 Ra8 55. Rb5 Rg8 56. Rf3 Rg4 57. a5 Ra4 58. Kb2 Bd5 59. Ra3 Rc4 60. a6 Kg5 61. a7 Kg4 62. Raa5 1-0

[Event "80th GEO-ch 2021"]
[Site "Tbilisi"]
[Date "2021.04.24"]
[Round "5.5"]
[White "Kacharava, Nikolozi"]
[Black "Gagunashvili, Merab"]
[Result "*"]
[ECO "C45"]
[WhiteElo "2443"]
[BlackElo "2584"]
[Annotator "ChessBase"]
[PlyCount "56"]
[EventDate "2021.04.20"]
[EventType "tourn"]
[EventCountry "GEO"]
[SourceTitle "playchess.com"]
[Source "ChessBase"]
[SourceQuality "1"]
[TimeControl "5400+30"]

1. e4 e5 2. Nf3 Nc6 3. d4 exd4 4. Nxd4 Bb4+ 5. c3 Bc5 6. Be3 Bb6 7. Nf5 Bxe3 8. Nxe3 Nge7 9. c4 d6 10. Nc3 O-O 11. Bd3 f5 12. exf5 Nxf5 13. Bxf5 Bxf5 14. Qd5+ Kh8 15. Nxf5 Nb4 16. Qd2 Rxf5 17. O-O Qd7 18. Rae1 Nc6 19. f4 Rff8 20. Nd5 Rae8 21. Rxe8 Rxe8 22. Re1 Rxe1+ 23. Qxe1 h6 24. Qe4 Kg8 25. b4 Kf7 26. Kf2 Nd8 27. f5 c6 28. Nf4 Qe7 *

[Event "80th GEO-ch 2021"]
[Site "Tbilisi"]
[Date "2021.04.26"]
[Round "6.1"]
[White "Azaladze, Shota"]
[Black "Gagunashvili, Merab"]
[Result "0-1"]
[ECO "A07"]
[WhiteElo "2439"]
[BlackElo "2584"]
[Annotator "ChessBase"]
[PlyCount "89"]
[EventDate "2021.04.20"]
[EventType "tourn"]
[EventCountry "GEO"]
[SourceTitle "playchess.com"]
[Source "ChessBase"]
[SourceQuality "1"]
[TimeControl "5400+30"]

1. Nf3 d5 2. g3 Nc6 3. Bg2 e5 4. d3 Nf6 5. O-O Be7 6. e4 dxe4 7. dxe4 Qxd1 8. Rxd1 Bg4 9. Re1 O-O-O 10. c3 Nxe4 11. Nxe5 Nxe5 12. Bxe4 f5 13. Bg2 Bf6 14. Na3 Nd3 15. Re6 f4 16. Re4 Bf5 17. Rxf4 Nxc1 18. Rxc1 Bg5 19. Rxf5 Bxc1 20. Bh3 Kb8 21. Nc4 Rhf8 22. a4 Rxf5 23. Bxf5 g6 24. Be4 c6 25. a5 Kc7 26. Kf1 b5 27. axb6+ axb6 28. b4 b5 29. Na5 Rd6 30. Ke2 Bb2 31. Bxc6 Rxc6 32. Nxc6 Kxc6 33. Kd3 Kd5 34. Kc2 Ba3 35. f3 g5 36. h4 gxh4 37. gxh4 h5 38. Kd2 Ke5 39. Kd3 Kf4 40. c4 bxc4+ 41. Kxc4 Kxf3 42. b5 Be7 43. b6 Bxh4 44. b7 Bg3 45. Kd4 0-1

[Event "80th GEO-ch 2021"]
[Site "Tbilisi"]
[Date "2021.04.26"]
[Round "6.2"]
[White "Paichadze, Luka"]
[Black "Kacharava, Nikolozi"]
[Result "1/2-1/2"]
[ECO "C01"]
[WhiteElo "2565"]
[BlackElo "2443"]
[Annotator "ChessBase"]
[PlyCount "195"]
[EventDate "2021.04.20"]
[EventType "tourn"]
[EventCountry "GEO"]
[SourceTitle "playchess.com"]
[Source "ChessBase"]
[SourceQuality "1"]
[TimeControl "5400+30"]

1. e4 e5 2. Nf3 Nf6 3. Nxe5 d6 4. Nf3 Nxe4 5. d3 Nf6 6. d4 d5 7. Bd3 Bd6 8. Qe2+ Qe7 9. Qxe7+ Kxe7 10. O-O Re8 11. Nh4 Kf8 12. Nf5 Bxf5 13. Bxf5 g6 14. Bd3 Kg7 15. Nd2 c6 16. Nb3 Nbd7 17. c3 Nf8 18. g3 h5 19. Kg2 N8d7 20. Rd1 a5 21. a4 Kh7 22. Bd2 Ne4 23. Be1 Nb6 24. f3 Nf6 25. Nd2 Bf8 26. b3 Nc8 27. Nf1 Bg7 28. Bf2 Nd6 29. Re1 Nd7 30. Rxe8 Rxe8 31. Rd1 b6 32. Ne3 Bh6 33. Nc2 Bg7 34. c4 dxc4 35. bxc4 c5 36. Bf1 cxd4 37. Nxd4 Nc5 38. Nb3 Ndb7 39. Nxc5 Nxc5 40. Bxc5 bxc5 41. Rd7 Kg8 42. Bd3 f5 43. g4 hxg4 44. fxg4 fxg4 45. Kg3 Bf6 46. Bxg6 Re2 47. Kxg4 Rxh2 48. Kf5 Bc3 49. Rc7 Bd4 50. Ke4 Rg2 51. Bf7+ Kf8 52. Be6 Rg7 53. Rc6 Ke7 54. Bf5 Rg3 55. Re6+ Kd8 56. Ra6 Re3+ 57. Kf4 Kc7 58. Rxa5 Kb6 59. Rb5+ Ka7 60. Be4 Re2 61. Ra5+ Kb6 62. Ra8 Bc3 63. Kf5 Re1 64. Rb8+ Ka7 65. Rc8 Kb6 66. Rb8+ Ka7 67. Rb5 Bd4 68. Bd5 Re5+ 69. Kf4 Re2 70. Rb3 Rb2 71. Rg3 Rf2+ 72. Ke4 Re2+ 73. Kf5 Re5+ 74. Kf4 Re1 75. Rg8 Bc3 76. Bc6 Kb6 77. Bd5 Ka5 78. Ra8+ Kb6 79. Kf3 Re7 80. Rb8+ Ka7 81. Rc8 Kb6 82. Be4 Ka5 83. Bc6 Kb6 84. Bb5 Bd4 85. Rc6+ Ka5 86. Ra6+ Kb4 87. Ra8 Be5 88. a5 Bd4 89. Kf4 Rh7 90. Kf5 Rg7 91. a6 Ka5 92. Rb8 Bg1 93. Ke6 Bf2 94. Kd5 Rg5+ 95. Ke4 Rg7 96. Kf5 Bg1 97. Kf6 Bd4+ 98. Kf5 1/2-1/2

[Event "80th GEO-ch 2021"]
[Site "Tbilisi"]
[Date "2021.04.26"]
[Round "6.4"]
[White "Lortkipanidze, Nodar"]
[Black "Petriashvili, Nikoloz"]
[Result "1-0"]
[ECO "B34"]
[WhiteElo "2416"]
[BlackElo "2425"]
[Annotator "ChessBase"]
[PlyCount "115"]
[EventDate "2021.04.20"]
[EventType "tourn"]
[EventCountry "GEO"]
[SourceTitle "playchess.com"]
[Source "ChessBase"]
[SourceQuality "1"]
[TimeControl "5400+30"]

1. e4 c5 2. Nf3 Nc6 3. d4 cxd4 4. Nxd4 g6 5. Nc3 Bg7 6. Be3 Nf6 7. Nxc6 bxc6 8. e5 Ng8 9. f4 Nh6 10. Bc4 O-O 11. Qd2 d6 12. O-O-O Qa5 13. exd6 exd6 14. Bd4 Bxd4 15. Qxd4 Nf5 16. Qd2 d5 17. Bb3 h5 18. Rhe1 Be6 19. Re5 Rad8 20. Rde1 Qb4 21. Na4 Qxd2+ 22. Kxd2 Nd6 23. Nc5 Bf5 24. Re7 Ne4+ 25. Nxe4 Bxe4 26. Rxa7 Bxg2 27. Rc7 Rd6 28. a4 Rf6 29. a5 Ra8 30. Ra1 Ra6 31. Ke3 Kf8 32. Kd4 Rxf4+ 33. Kc5 Rf5 34. Rc8+ Ke7 35. Rb8 Kd7 36. Rb7+ Kc8 37. Re7 Kd8 38. Re2 Be4 39. c3 g5 40. Bd1 d4+ 41. Kxd4 Bf3 42. Re5 c5+ 43. Kc4 Rxe5 44. Bxf3 Kc7 45. Bd5 f5 46. Kxc5 f4 47. Kd4 Re2 48. b4 Rd6 49. c4 Kb8 50. b5 f3 51. b6 Re7 52. Kc5 Rxd5+ 53. cxd5 f2 54. a6 Rf7 55. Rf1 g4 56. Kc6 h4 57. d6 Rf3 58. a7+ 1-0

[Event "80th GEO-ch 2021"]
[Site "Tbilisi"]
[Date "2021.04.26"]
[Round "6.5"]
[White "Shanava, Konstantine"]
[Black "Quparadze, Giga"]
[Result "0-1"]
[ECO "B46"]
[WhiteElo "2504"]
[BlackElo "2463"]
[Annotator "ChessBase"]
[PlyCount "108"]
[EventDate "2021.04.20"]
[EventType "tourn"]
[EventCountry "GEO"]
[SourceTitle "playchess.com"]
[Source "ChessBase"]
[SourceQuality "1"]
[TimeControl "5400+30"]

1. e4 c5 2. Nf3 e6 3. d4 cxd4 4. Nxd4 a6 5. Nc3 Nc6 6. g3 d6 7. Nxc6 bxc6 8. Bg2 e5 9. O-O Be7 10. Na4 Nf6 11. c4 Be6 12. b3 O-O 13. f4 exf4 14. gxf4 Bg4 15. Qd3 d5 16. e5 Ne4 17. f5 Bg5 18. h3 Bh5 19. Bxe4 dxe4 20. Qxe4 Bxc1 21. Raxc1 Qg5+ 22. Kh1 Rad8 23. Rc2 Qg3 24. Rc3 Qg5 25. Rg1 Rd1 26. Rxd1 Bxd1 27. h4 Qd2 28. Qe3 Qxa2 29. Nc5 Bc2 30. Qd2 Qa1+ 31. Kh2 Bxf5 32. Re3 Qf1 33. Rg3 h6 34. Rg2 Qf3 35. Qf2 Qh3+ 36. Kg1 Rd8 37. Qg3 Rd1+ 38. Kf2 Rd2+ 39. Kg1 Rxg2+ 40. Qxg2 Qxh4 41. Qxc6 Qe1+ 42. Kg2 Qxe5 43. Qd5 Qe2+ 44. Kg3 Qe3+ 45. Kg2 g6 46. b4 h5 47. Qa8+ Kg7 48. Qf3 Qd2+ 49. Qf2 Qxb4 50. Qd4+ Kh7 51. Kf2 Qb6 52. Qe5 a5 53. Kg3 Qd8 54. Nb7 Qd5 0-1

[Event "80th GEO-ch 2021"]
[Site "Tbilisi"]
[Date "2021.04.27"]
[Round "7.2"]
[White "Petriashvili, Nikoloz"]
[Black "Shanava, Konstantine"]
[Result "1-0"]
[ECO "B33"]
[WhiteElo "2425"]
[BlackElo "2504"]
[Annotator "ChessBase"]
[PlyCount "99"]
[EventDate "2021.04.20"]
[EventType "tourn"]
[EventCountry "GEO"]
[SourceTitle "playchess.com"]
[Source "ChessBase"]
[SourceQuality "1"]
[TimeControl "5400+30"]

1. e4 c5 2. Nf3 Nc6 3. d4 cxd4 4. Nxd4 Qb6 5. Nb3 Nf6 6. Nc3 e6 7. Be3 Qc7 8. a3 a6 9. f4 d6 10. g4 b5 11. Bg2 Bb7 12. Qe2 Be7 13. g5 Nd7 14. h4 Nb6 15. O-O-O Nc4 16. Bf2 N6a5 17. Rh3 Rc8 18. Kb1 d5 19. exd5 O-O 20. f5 exf5 21. Nxa5 Nxa5 22. Qd3 Qd7 23. Rf3 g6 24. d6 Bd8 25. Rg3 Bxg2 26. Rxg2 Nc4 27. Bg3 Nb6 28. Re2 Rc4 29. Nd5 Nxd5 30. Qxd5 h6 31. h5 Bxg5 32. hxg6 f4 33. b3 Rcc8 34. Bf2 Kg7 35. gxf7 Qxf7 36. Re6 Qf5 37. Bd4+ Kh7 38. Qb7+ Qf7 39. d7 Rcd8 40. Qe4+ Qf5 41. Qxf5+ Rxf5 42. Bb6 Rdf8 43. d8=Q Bxd8 44. Bxd8 f3 45. Bb6 R8f6 46. Re7+ Kg6 47. Bf2 Rg5 48. Rf1 Rg2 49. Bd4 Rf4 50. Be5 1-0

[Event "80th GEO-ch 2021"]
[Site "Tbilisi"]
[Date "2021.04.27"]
[Round "7.3"]
[White "Arabidze, Meri"]
[Black "Lortkipanidze, Nodar"]
[Result "0-1"]
[ECO "A88"]
[WhiteElo "2437"]
[BlackElo "2416"]
[Annotator "ChessBase"]
[PlyCount "106"]
[EventDate "2021.04.20"]
[EventType "tourn"]
[EventCountry "GEO"]
[SourceTitle "playchess.com"]
[Source "ChessBase"]
[SourceQuality "1"]
[TimeControl "5400+30"]

1. d4 d6 2. Nf3 g6 3. g3 Bg7 4. Bg2 f5 5. O-O Nf6 6. c4 O-O 7. Nc3 c6 8. b3 Na6 9. Bb2 Nc7 10. Rc1 Bd7 11. d5 c5 12. Ba1 b5 13. cxb5 Nxb5 14. Nxb5 Bxb5 15. Ng5 Bd7 16. Rc4 Rb8 17. Qd2 h6 18. Ne6 Bxe6 19. dxe6 Qc8 20. Ra4 Qxe6 21. Bxf6 Qxf6 22. Qd5+ Kh7 23. Rxa7 Rb4 24. a3 Rd4 25. Qb7 e6 26. Qc7 Rd2 27. e3 e5 28. b4 cxb4 29. axb4 e4 30. b5 d5 31. Rc1 Rg8 32. Rc6 Qg5 33. Bf1 Qh5 34. Rc2 Rd1 35. Rc1 Rd2 36. Qc3 Ra2 37. Qc5 Rd2 38. Rc2 Rd1 39. Rc1 Rd2 40. Qb4 Rxf2 41. Rxg7+ Rxg7 42. Kxf2 Qf3+ 43. Ke1 Qxe3+ 44. Kd1 d4 45. Qd2 Qb3+ 46. Qc2 Qa3 47. Rb1 d3 48. Qc4 Rd7 49. Qe6 Qa4+ 50. Qb3 Qd4 51. Qb2 Qb6 52. Qc3 Qf2 53. Kc1 d2+ 0-1

[Event "80th GEO-ch 2021"]
[Site "Tbilisi"]
[Date "2021.04.27"]
[Round "7.4"]
[White "Kacharava, Nikolozi"]
[Black "Pantsulaia, Levan"]
[Result "0-1"]
[ECO "B12"]
[WhiteElo "2443"]
[BlackElo "2553"]
[Annotator "ChessBase"]
[PlyCount "200"]
[EventDate "2021.04.20"]
[EventType "tourn"]
[EventCountry "GEO"]
[SourceTitle "playchess.com"]
[Source "ChessBase"]
[SourceQuality "1"]
[TimeControl "5400+30"]

1. e4 c6 2. d4 d5 3. e5 Bf5 4. Nd2 e6 5. Nb3 Nd7 6. Nf3 Bg6 7. Be2 Nh6 8. Bxh6 gxh6 9. O-O Bg7 10. Bd3 O-O 11. Qd2 Rc8 12. Nc1 c5 13. c3 Qb6 14. Bb1 cxd4 15. cxd4 Rc4 16. b3 Rc6 17. Ne2 Rfc8 18. Bd3 Bf8 19. Rad1 Qb4 20. Qe3 Qa3 21. Nh4 Kh8 22. Bb5 R6c7 23. f4 Qe7 24. g3 Bc2 25. Rc1 f5 26. exf6 Nxf6 27. f5 Ng4 28. Qxe6 a6 29. Nf4 Qb4 30. Nhg6+ hxg6 31. Nxg6+ Kh7 32. Nxf8+ Qxf8 33. Bd7 Rd8 34. Qg6+ Kh8 35. Qxg4 Rdxd7 36. Qf4 Rc6 37. Rf2 Be4 38. Rxc6 bxc6 39. Qe5+ Kh7 40. f6 Qf7 41. h4 Rd8 42. Qe7 Qxe7 43. fxe7 Re8 44. Rf6 Rxe7 45. Rxc6 Bd3 46. Rd6 Re2 47. Rxd5 Rxa2 48. g4 Bb5 49. Re5 Rd2 50. Re7+ Kg6 51. Re6+ Kg7 52. g5 hxg5 53. hxg5 Rb2 54. Re3 Kg6 55. Rg3 Rd2 56. d5 Bd3 57. Rg2 Rd1+ 58. Kf2 Be4 59. Rg1 Rxd5 60. Ke3 Bf5 61. b4 Rd3+ 62. Ke2 Rb3 63. Kd2 Rxb4 64. Kc3 Rb6 65. Rg2 Be6 66. Rb2 Rc6+ 67. Kb4 Kxg5 68. Ka5 Bc8 69. Rf2 Rc5+ 70. Kb4 Rb5+ 71. Ka3 Rd5 72. Rf1 Bf5 73. Kb4 Rb5+ 74. Ka4 Kf6 75. Rc1 Be4 76. Ka3 Ke5 77. Rd1 Bd5 78. Re1+ Kd4 79. Rd1+ Kc5 80. Rd3 Bc4 81. Rh3 Ra5+ 82. Kb2 Kb4 83. Rh8 Rg5 84. Rb8+ Bb5 85. Rh8 Rg2+ 86. Ka1 a5 87. Rh1 Bc4 88. Rb1+ Ka3 89. Rb2 Rg1+ 90. Rb1 Rg3 91. Rb2 a4 92. Rb1 Bb3 93. Rb2 Rg1+ 94. Rb1 Rg2 95. Rb2 Bc2 96. Ra2+ Kb4 97. Rb2+ Kc3 98. Ka2 Rg1 99. Ka3 Rh1 100. Ra2 Bb3 0-1

[Event "80th GEO-ch 2021"]
[Site "Tbilisi"]
[Date "2021.04.29"]
[Round "9.2"]
[White "Arabidze, Meri"]
[Black "Quparadze, Giga"]
[Result "1/2-1/2"]
[ECO "E11"]
[WhiteElo "2437"]
[BlackElo "2463"]
[Annotator "RC"]
[PlyCount "60"]
[EventDate "2021.04.20"]
[EventType "tourn"]
[EventCountry "GEO"]
[SourceTitle "playchess.com"]
[Source "ChessBase"]
[SourceQuality "1"]
[TimeControl "5400+30"]

1. d4 Nf6 2. c4 e6 3. g3 d5 4. Bg2 Bb4+ 5. Bd2 Be7 6. Nf3 O-O 7. O-O c6 8. Na3 Ne4 9. Bf4 Nd7 10. Rc1 f5 11. Ne5 Nxe5 12. Bxe5 Bd7 13. Nc2 Be8 14. Ne1 Nd6 15. b3 Nf7 16. Nd3 Nxe5 17. dxe5 a5 18. Qc2 Bf7 19. Rfd1 Ba3 20. Rb1 Qe7 21. e3 Rfd8 22. Bf1 Rd7 23. Be2 Rad8 24. Qc3 Bb4 25. Qc1 Ba3 26. Qc3 Bb4 27. Qc1 Ba3 28. Qc3 Bb4 29. Qc1 Ba3 30. Qc3 Bb4 1/2-1/2

[Event "80th GEO-ch 2021"]
[Site "Tbilisi"]
[Date "2021.04.29"]
[Round "9.3"]
[White "Kacharava, Nikolozi"]
[Black "Shanava, Konstantine"]
[Result "1/2-1/2"]
[ECO "B80"]
[WhiteElo "2443"]
[BlackElo "2504"]
[Annotator "ChessBase"]
[PlyCount "88"]
[EventDate "2021.04.20"]
[EventType "tourn"]
[EventCountry "GEO"]
[SourceTitle "playchess.com"]
[Source "ChessBase"]
[SourceQuality "1"]
[TimeControl "5400+30"]

1. e4 c5 2. Nf3 e6 3. d4 cxd4 4. Nxd4 Nc6 5. Nc3 d6 6. Be3 Nf6 7. Qe2 a6 8. O-O-O Qc7 9. f3 b5 10. g4 Be7 11. Bg2 Nxd4 12. Bxd4 b4 13. Na4 e5 14. Be3 Be6 15. Nb6 Rb8 16. g5 Nd7 17. Nd5 Bxd5 18. Rxd5 O-O 19. Kb1 Nb6 20. Bxb6 Qxb6 21. h4 a5 22. Bh3 Qa7 23. Qd2 a4 24. h5 a3 25. b3 Kh8 26. Bf5 Qc7 27. g6 h6 28. Qd3 Rb6 29. gxf7 Rxf7 30. Rd1 Rc6 31. Rb5 Rc3 32. Qe2 Rf8 33. Rbd5 Rc5 34. Rxc5 Qxc5 35. Qc4 Qe3 36. Bg4 Qb6 37. Qe6 Bf6 38. Qc4 Bg5 39. Bf5 Bf6 40. Qd5 Qc7 41. Qc4 Qb8 42. Qd5 Qc7 43. Qc4 Qb8 44. Qd5 Qc7 1/2-1/2